 Dungeon Crawl Stone Soup version 0.27-a0-1529-g1e82c303ef (webtiles) character file.

Game seed: 7140617714170732858

287 Sin92 the Skirmisher (level 6, -4/48 HPs)
             Began as a Demonspawn Fighter on July 11, 2021.
             Killed from afar by an orc wizard (6 damage)
             ... with a magic dart
             ... on level 4 of the Dungeon.
             The game lasted 00:03:44 (3910 turns).

Sin92 the Skirmisher (Demonspawn Fighter)           Turns: 3910, Time: 00:03:44

Health: -4/48      AC:  8    Str: 18    XL:     6   Next: 8%
Magic:  6/6        EV:  8    Int: 10    God:
Gold:   209        SH: 10    Dex: 12    Spells: 5/5 levels left

rFire    . . .     SeeInvis .   a - +0 war axe
rCold    . . .     Faith    .   c - +1 kite shield
rNeg     . . .     Spirit   .   b - +0 scale mail
rPois    .         Reflect  .   (helmet restricted)
rElec    .         Harm     .   (no cloak)
rCorr    .         Rampage  .   (no gloves)
Will     .....                  (no boots)
Stlth    ..........             (no amulet)
HPRegen  0.16/turn              (no ring)
MPRegen  0.10/turn              (no ring)

@: no status effects
A: antennae 1, yellow scales 1, ignite blood 1
a: no special abilities


You were on level 4 of the Dungeon.
You visited 1 branch of the dungeon, and saw 4 of its levels.

You collected 209 gold pieces.

Inventory:

Hand Weapons
 a - a +0 war axe (weapon)
Armour
 b - a +0 scale mail (worn)
 c - a +1 kite shield (worn)
Scrolls
 e - a scroll of noise
 f - 2 scrolls of identify
Potions
 d - a potion of might
 g - a potion of cancellation
 h - a potion of flight


   Skills:
 + Level 3.8 Fighting
 * Level 3.6 Axes
 + Level 3.4 Armour
 + Level 2.1 Dodging
 + Level 3.5 Shields


You had 5 spell levels left.
You didn't know any spells.
Your spell library contained the following spells:

 Spells                   Type           Power      Damage    Failure   Level
 Poisonous Vapours        Pois/Air       0%         N/A       100%        2
 Mephitic Cloud           Conj/Pois/Air  0%         N/A       100%        3
 Freezing Cloud           Conj/Ice/Air   0%         6-21      100%        5


Dungeon Overview and Level Annotations

Branches:
Dungeon (4/15)
 Temple: D:4-7

Altars:


Innate Abilities, Weirdness & Mutations

You have a pair of small antennae on your head.
You are partially covered in yellow scales. (AC +2)
Your demonic aura sometimes causes spilled blood to erupt in flames.


Message History

Beogh smites you!
You hear some strange, mumbled words.
A magic dart appears from out of thin air!
The magic dart hits you.
You are too injured to fight recklessly!
Unknown command.
You are too injured to fight recklessly!
Unknown command.
You are too injured to fight recklessly!
You hit the orc priest.
The orc priest is lightly wounded.
You miss something.
You feel sick.
You are no longer poisoned.
The orc priest hits you with a +0 whip. Something hits you but does no damage.
An endoplasm comes into view.
You slash the orc priest!
The orc priest is heavily wounded.
You closely miss something. The orc priest hits you with a +0 whip.
Something hits you.
The orc priest mumbles some strange prayers to Beogh against you.
Beogh smites you!
* * * LOW HITPOINT WARNING * * *
Something hits you but does no damage.
You slash the orc priest!
You kill the orc priest!
Your shield and scale mail prevent you from hitting something.
Something hits you but does no damage. x2
You have reached level 6!
Your experience leads to an increase in your attributes!
Increase (S)trength, (I)ntelligence, or (D)exterity?
You feel stronger.
Your demonic ancestry asserts itself...
Yellow scales grow over part of your body.
Okay, then.
You barely miss something. Something hits you.
* * * LOW HITPOINT WARNING * * *
You closely miss something. Something hits you but does no damage.
You hear some strange, mumbled words.
A magic dart appears from out of thin air!
The magic dart hits you.
You die...

#.........
#.........
#.........
#.....?...
#+####.........
###+##..#...<#
........#....#
........#J...#
........@{...# #+#
######.#$...#
##..###..##.##.....#
+............#.....#
#............#.....#
#............#.....#
#...##.......# ...#
##.. #..###..# ...#
.....##'#######


You could see an endoplasm.

Vanquished Creatures
  3 orc priests
  An orc wizard (D:3)
  4 gnolls (D:3)
  5 adders
  2 worms (D:2)
  8 orcs
  4 bats
  8 endoplasms
  4 giant cockroaches
  8 goblins
  5 hobgoblins
  2 jackals (D:3)
  2 kobolds (D:1)
  6 quokkas
  3 ball pythons
  4 frilled lizards
  8 rats
77 creatures vanquished.

Notes
Turn   | Place    | Note
-------+----------+-------------------------------------------
     0 | D:1      | Sin92 the Demonspawn Fighter began the quest for the Orb.
     0 | D:1      | Reached XP level 1. HP: 18/18 MP: 1/1
   177 | D:1      | Gained mutation: Your demonic aura sometimes causes spilled
                  | blood to erupt in flames. [demonic ancestry]
   177 | D:1      | Reached XP level 2. HP: 12/24 MP: 2/2
  1009 | D:1      | Gained mutation: You have a pair of small antennae on your
                  | head. [demonic ancestry]
  1009 | D:1      | Reached XP level 3. HP: 25/29 MP: 3/3
  1199 | D:2      | Reached skill level 1 in Dodging
  1701 | D:2      | Found a faded altar of an unknown god.
  1840 | D:2      | Reached XP level 4. HP: 33/35 MP: 4/4
  2473 | D:3      | Reached XP level 5. HP: 10/41 MP: 5/5
  2584 | D:3      | HP: 1/41 [orc (5)]
  3909 | D:4      | Gained mutation: You are partially covered in yellow
                  | scales. (AC +2) [demonic ancestry]
  3909 | D:4      | Reached XP level 6. HP: 4/48 MP: 6/6
  3909 | D:4      | HP: 2/48 [something (2)]
  3910 | D:4      | Killed from afar by an orc wizard

Illustrated notes

Levels and vault maps discovered:
D:1:      saegor_arrival_simple_d, layout_basic, serial_park_tiny_2,
          roderic_serpentine_path
D:2:      layout_rooms, ebering_ecumenical_altar_box, minmay_misc_feat_columns,
          palyth_stone_intersect
D:3:      layout_basic, kennysheep_generic_room_5
D:4:      layout_gridville, mainiacjoe_overflow_alcove_1

Skill      XL: |  1  2  3  4  5 |
---------------+----------------+-----
Axes           | 2 3 |  3.6
Armour         | 3 |  3.4
Dodging        | 1 2 |  2.1
Shields        | 3 |  3.5
Fighting       | |  3.8

Action                   |  1- 3 |  4- 6 || total
-------------------------+-------+-------++-------
Melee: War axe           |   122 |   131 ||   253
  Use: Scroll            |       |     6 ||     6
Armor: Scale mail        |    57 |    84 ||   141
Dodge: Dodged            |    37 |    47 ||    84
Block: Kite shield       |    66 |    84 ||   150

Table legend: (Time is in decaauts)
 A = Elapsed time spent in this place.
 B = Non-inter-level travel time spent in this place.
 C = Inter-level travel time spent in this place.
 D = Time resting spent in this place.
 E = Time spent auto-exploring this place.
 F = Levels seen in this place.
 G = Mean time per level.
                   A        B        C        D        E       F      G
               +--------+--------+--------+--------+--------+-----+--------+
         Total |   4065 |   3964 |    101 |    850 |   2431 |   4 | 1016.2 |
       Dungeon |   4065 |   3964 |    101 |    850 |   2431 |   4 | 1016.2 |
               +--------+--------+--------+--------+--------+-----+--------+

Top non-repeatable levels by time:
     D:3: 2016 daAuts
     D:1: 1159 daAuts
     D:2: 852 daAuts
     D:4: 36 daAuts
